 Dungeon Crawl Stone Soup version 0.19-a0-1720-gc855d72 (webtiles) character file.

11691 Duffy the Cleaver (level 11, -18/96 HPs)
             Began as a Deep Dwarf Fighter on Sept 29, 2016.
             Was a High Priest of Makhleb.
             Demolished by an orc warrior
             ... wielding a +0 glaive
             ... led by an orc warlord
              (23 damage)
             ... on level 2 of the Orcish Mines.
             The game lasted 00:14:37 (8187 turns).

Duffy the Cleaver (Deep Dwarf Fighter)              Turns: 8187, Time: 00:14:38

Health: -18/96     AC: 16    Str: 22 (24) XL:     11   Next: 52%
Magic:  8/8        EV:  6    Int:  8      God:    Makhleb [*****.]
Gold:   469        SH: 12    Dex: 12      Spells: 0 memorised, 10 levels left

rFire  . . .     SeeInvis .     a - +0 war axe (elec)
rCold  . . .     Gourm    .     k - +0 plate armour
rNeg   . . .     Faith    .     c - +0 shield
rPois  +         Spirit   .     (no helmet)
rElec  .         Dismiss  .     n - +2 cloak {MR+}
rCorr  .         Reflect  .     (no gloves)
MR     ++...     Harm     .     (no boots)
Stlth  ..........               (no amulet)
                                b - ring of poison resistance
                                g - +4 ring of protection

@: non-regenerating, drained
A: damage resistance, recharge devices, deformed body, deterioration 1, high mp
1, sense surroundings 2, slow regeneration 3
a: Device Recharging, Minor Destruction, Lesser Servant of Makhleb, Major
Destruction, Greater Servant of Makhleb, Renounce Religion


You were on level 2 of the Orcish Mines.
You worshipped Makhleb.
Makhleb was extremely pleased with you.
You were hungry.

You visited 3 branches of the dungeon, and saw 13 of its levels.
You also visited: Sewer.

You collected 469 gold pieces.

Inventory:

Hand Weapons
 a - a +0 war axe of electrocution (weapon)
 N - a cursed -3 morningstar
Armour
 c - a +0 shield (worn)
 k - a +0 plate armour (worn)
 n - a +2 cloak of magic resistance (worn)
Jewellery
 b - a ring of poison resistance (right hand)
 g - a +4 ring of protection (left hand)
 z - an uncursed ring of positive energy
 E - an uncursed ring of flight
 M - a cursed -3 ring of intelligence {unknown}
Wands
 e - a wand of heal wounds (5/9)
 t - a wand of confusion (37/48)
 F - a wand of acid (0/15)
 J - a wand of flame (31/48)
 O - a wand of random effects (26/48)
 P - a wand of polymorph (10/24)
Scrolls
 o - 2 scrolls of teleportation
 r - 3 scrolls of fog
 s - a scroll of fear
 A - a scroll of immolation {unknown}
 G - 3 scrolls of remove curse
 I - a scroll of acquirement {unknown}
 K - 2 scrolls of magic mapping
Potions
 d - 3 potions of might
 h - a potion of mutation {unknown}
 m - 3 potions of agility
 p - 6 potions of curing
 u - a potion of cure mutation {unknown}
 v - a potion of cancellation {unknown}
 w - a potion of brilliance
 x - 3 potions of magic
 B - 2 potions of beneficial mutation
 C - a potion of haste
 D - 2 potions of berserk rage
 H - a potion of ambrosia
Comestibles
 f - 12 bread rations
 i - 9 beef jerkies
 j - 9 royal jellies
 l - 11 meat rations
 L - 7 fruits


   Skills:
 + Level 5.4(4.8) Fighting
 + Level 13.8(13.2) Axes
 - Level 7.8(7.2) Armour
 + Level 11.5(10.8) Shields


You had 10 spell levels left.
You didn't know any spells.

Dungeon Overview and Level Annotations

Branches:
Dungeon (10/15)            Temple (1/1) D:6            Lair (0/6) D:10
    Orc (2/2) D:10
    Elf: Orc:2

Altars:
Ashenzari
Cheibriados
Dithmenos
Elyvilon
Fedhas
Gozag
Hepliaklqana
Kikubaaqudgha
Makhleb
Nemelex Xobeh
Okawaru
Qazlal
Ru
Sif Muna
Trog
Uskayaw
Vehumet
Xom
Yredelemnul
Zin
The Shining One
Beogh

Shops:
D:8 %   Orc:2 }


Innate Abilities, Weirdness & Mutations

You are resistant to damage.
You can recharge devices by infusing magical energy.
You passively map the area around you.
You do not regenerate.
Armour fits poorly on your strangely shaped body.
Your body sometimes deteriorates upon taking damage.
You have an increased reservoir of magic. (+10% MP)


Message History

It is a scroll of brand weapon.
Your +0 war axe crackles with electricity.
a - a +0 war axe of electrocution (weapon)
The orc priest looks braver for a moment.
You block the orc warrior's attack. You block the orc's attack.
You block the orc warrior's attack. You block the orc's attack.
Evoke which item? (* to show all) (? for menu, Esc to quit)
Zapping:
e - a wand of heal wounds (6/9)
Press: ? - help, Shift-Dir - straight line, f - you You feel much better.
This wand has 5 charges left.
You block the orc's attack.
The orc knight roars a battlecry!
The orc warlord goes into a battle-frenzy!
The orc warrior hits you with a halberd of freezing!
Your body deteriorates!
You feel weakened. The orc warrior freezes you.
The orc warrior hits you but does no damage.
The orc hits you.
The orc warrior hits you with a halberd!!
The orc warrior hits you from afar with a glaive!!
You die...

.......... ** ,.... * *
........# #, *,,, *
.... ..$ .......# *#. ,
*... ,..$., * .......#\
#.. , ####.###....
.))\..#
8##'###+##8.#..#..... ,
......#
...ooooo....'.8.....#
..)<..#_
...oo8ooo...'........*
......#
...o{oooo{(().8......
......##
#o###@##8.#).###..
.......#\ *
,o#ooo####.##*
.......##* , #...# #..#
, .....<..###
#...###.##
$.........##########..#
..........)..........##
.#..$.....).......####
................###
...............##


You could see an orc warlord, an orc knight, 6 orc warriors, 2 orc priests, an
orc wizard and 7 orcs.

Vanquished Creatures
  Erolcha (Orc:1)
  The ghost of PeterLawrence the Basher, a novice MiFi of Okawaru (D:10)
  An orc sorcerer (Orc:2)
  Maurice (D:8)
  The ghost of Duffy the Conjurer, a novice OpWz of Sif Muna (D:5)
  2 trolls
  A slime creature (D:8)
  Prince Ribbit (D:6)
  3 hippogriffs
  Sigmund (D:6)
  9 yaks
  A steam dragon (D:10)
  A hungry ghost (D:7)
  Grum (D:9)
  A warg (D:10)
  A soldier ant (D:8)
  Duvessa (D:7)
  9 orc warriors
  2 sky beasts (D:7)
  A black bear (D:7)
  2 necrophages (D:9)
  4 wasps
  3 centaurs
  7 ogres
  The ghost of Sar the Bolt Thrower, an amateur DgAM (D:3)
  2 phantoms
  4 wolves (D:9)
  A crocodile (D:10)
  4 bullfrogs
  2 big kobolds
  A gnoll sergeant (D:8)
  Dowan (D:7)
  A wyvern skeleton (D:9)
  3 scorpions
  2 howler monkeys
  2 centaur zombies
  A quasit (D:10)
  7 jellies
  4 hounds
  11 orc wizards
  2 centaur skeletons
  10 orc priests
  An iron imp (D:7)
  5 iguanas
  Natasha (D:4)
  7 worker ants
  2 killer bee zombies (D:9)
  2 hound zombies
  2 worker ant zombies
  14 gnolls
  9 adders
  2 shadow imps
  16 oozes (D:8)
  2 adder skeletons (D:3)
  An adder zombie (D:6)
  6 worms
  7 leopard geckos
  48 orcs
  6 giant cockroaches
  5 goblins
  6 hobgoblins
  9 jackals
  16 kobolds
  3 quokkas
  A ball python (D:3)
  6 bats
  9 frilled lizards
  A giant cockroach zombie (D:3)
  2 leopard gecko skeletons (D:3)
  2 leopard gecko zombies
  A quokka skeleton (D:5)
  6 rats
313 creatures vanquished.

Vanquished Creatures (others)
  A warg (D:10)
  An orc (D:10)
  6 fungi (D:8)
8 creatures vanquished.

Grand Total: 321 creatures vanquished

Notes
Turn   | Place    | Note
-------+----------+-------------------------------------------
     0 | D:1      | Duffy the Deep Dwarf Fighter began the quest for the Orb.
     0 | D:1      | Reached XP level 1. HP: 20/20 MP: 1/1
   196 | D:2      | Reached skill level 3 in Axes
   210 | D:2      | Reached XP level 2. HP: 25/27 MP: 2/2
   223 | D:3      | Reached XP level 3. HP: 31/33 MP: 3/3
   225 | D:3      | Reached skill level 4 in Axes
   265 | D:3      | Noticed Sar's ghost (amateur DgAM)
   300 | D:3      | Killed Sar's ghost
   300 | D:3      | Reached skill level 5 in Axes
   300 | D:3      | Reached XP level 4. HP: 29/40 MP: 4/4
   317 | D:4      | Reached skill level 6 in Axes
   317 | D:4      | Reached XP level 5. HP: 29/46 MP: 5/5
   532 | D:4      | Found a stormy altar of Qazlal.
   603 | D:4      | Found a glowing drain.
   608 | Sewer    | Entered a sewer
   717 | D:5      | Entered Level 5 of the Dungeon
   719 | D:5      | Noticed Duffy's ghost (novice OpWz)
   731 | D:4      | Noticed a phantom
   762 | D:4      | Killed a phantom
   762 | D:4      | Reached skill level 7 in Axes
   762 | D:4      | Reached XP level 6. HP: 49/55 MP: 6/6
   795 | D:5      | Killed Duffy's ghost
   795 | D:5      | Reached skill level 8 in Axes
   795 | D:5      | Reached XP level 7. HP: 50/61 MP: 7/7
   819 | D:5      | Reached skill level 9 in Axes
  1113 | D:6      | Noticed a hippogriff
  1122 | D:6      | Killed a hippogriff
  1122 | D:6      | Reached skill level 4 in Armour
  1122 | D:6      | Reached skill level 4 in Shields
  1149 | D:6      | Noticed Prince Ribbit
  1169 | D:5      | Reached XP level 8. HP: 46/68 MP: 8/8
  1207 | D:6      | Reached skill level 10 in Axes
  1207 | D:6      | Reached skill level 5 in Armour
  1207 | D:6      | Reached skill level 5 in Shields
  1212 | D:6      | Noticed Sigmund
  1224 | D:6      | Killed Sigmund
  1303 | D:6      | Reached skill level 6 in Armour
  1303 | D:6      | Reached skill level 6 in Shields
  1306 | D:6      | Found a blossoming altar of Fedhas.
  1502 | D:6      | Found a staircase to the Ecumenical Temple.
  1507 | Temple   | Entered the Ecumenical Temple
  1704 | Temple   | Became a worshipper of Makhleb the Destroyer
  2106 | D:4      | Noticed Natasha
  2116 | D:4      | Killed Natasha
  2116 | D:4      | Gained mutation: You passively map the area around you. [Deep Dwarf growth]
  2116 | D:4      | Reached XP level 9. HP: 41/74 MP: 9/9
  2875 | D:1      | Reached * piety under Makhleb
  3943 | D:6      | Killed Prince Ribbit
  4099 | D:7      | Found a hazy altar of Hepliaklqana.
  4149 | D:7      | Reached skill level 7 in Armour
  4149 | D:7      | Reached skill level 7 in Shields
  4159 | D:7      | Reached skill level 11 in Axes
  4207 | D:7      | Gained mutation: Armour fits poorly on your strangely shaped body. [mutagenic meat]
  4210 | D:7      | Gained mutation: You have an increased reservoir of magic. (+10% MP) [mutagenic meat]
  4213 | D:7      | Gained mutation: Your body sometimes deteriorates upon taking damage. [mutagenic meat]
  4334 | D:7      | Reached skill level 8 in Shields
  4383 | D:7      | Reached ** piety under Makhleb
  4519 | D:7      | Noticed Dowan
  4520 | D:7      | Noticed Duvessa
  4533 | D:7      | Killed Duvessa
  4539 | D:7      | Killed Dowan
  4539 | D:7      | Reached XP level 10. HP: 81/81 MP: 11/11
  4541 | D:7      | Found a snail-covered altar of Cheibriados.
  4726 | D:7      | Found an opulent altar of Gozag.
  4727 | D:7      | Found a sparkling altar of Nemelex Xobeh.
  4818 | D:7      | Reached skill level 12 in Axes
  5317 | D:8      | Noticed Maurice
  5327 | D:8      | Reached skill level 9 in Shields
  5356 | D:8      | Killed Maurice
  5530 | D:8      | Reached *** piety under Makhleb
  5762 | D:8      | Found a shimmering altar of Xom.
  5787 | D:8      | Found Zuguungepo's Food Shop.
  5960 | D:8      | Found a deep blue altar of Sif Muna.
  6185 | D:9      | Reached skill level 10 in Shields
  6198 | D:9      | Found a shadowy altar of Dithmenos.
  6199 | D:9      | Found a basalt altar of Yredelemnul.
  6201 | D:9      | Found a white marble altar of Elyvilon.
  6337 | D:9      | Reached skill level 13 in Axes
  6408 | D:9      | Reached skill level 3 in Fighting
  6497 | D:9      | Found a glowing golden altar of the Shining One.
  6559 | D:9      | Reached **** piety under Makhleb
  6591 | D:9      | Noticed Grum
  6618 | D:9      | Killed Grum
  6714 | D:9      | Reached XP level 11. HP: 65/91 MP: 12/12
  7201 | D:9      | Found a shimmering altar of Xom.
  7283 | D:10     | Entered Level 10 of the Dungeon
  7452 | D:10     | Reached skill level 4 in Fighting
  7519 | D:10     | Found a staircase to the Lair.
  7553 | D:10     | Reached ***** piety under Makhleb
  7629 | D:10     | Found a roughly hewn altar of Beogh.
  7629 | D:10     | Found a staircase to the Orcish Mines.
  7629 | D:10     | Noticed PeterLawrence's ghost (novice MiFi)
  7685 | D:10     | Killed PeterLawrence's ghost
  7685 | D:10     | Reached skill level 11 in Shields
  7767 | Orc:1    | Entered Level 1 of the Orcish Mines
  7868 | Orc:1    | Noticed Erolcha
  7882 | Orc:1    | Killed Erolcha
  7882 | Orc:1    | Reached skill level 5 in Fighting
  7995 | Orc:2    | Entered Level 2 of the Orcish Mines
  7995 | Orc:2    | Found Mydi Ewk's Gadget Shop.
  8014 | Orc:2    | Noticed an orc sorcerer
  8035 | Orc:2    | Killed an orc sorcerer
  8180 | Orc:2    | Noticed an orc warlord
  8181 | Orc:2    | Noticed an orc knight
  8183 | Orc:2    | Noticed an orc high priest
  8187 | Orc:2    | Demolished by an orc warrior

Vault maps used:
D:1:      roderic_chinese_lattice_arrival
D:3:      serial_undead, serial_undead_c, serial_undead_f, serial_undead_d,
          serial_undead_d, minmay_misc_feat_roman, kennysheep_generic_room_6
D:4:      gup_sewer_entry_bowl, grunt_qazlal_sundering, uniq_natasha
D:5:      first_bread
D:6:      old_standard_altar, uniq_prince_ribbit1, uniq_sigmund
D:7:      grunt_temple_overflow_opulence, slow_altar_2, basic_altar,
          uniq_duvessa
D:8:      lemuel_slime, overflow_temple_1_default, basic_altar, serial_shops,
          shop, columned_hall_lemuel, hangedman_pestilent_swarm, uniq_maurice
D:9:      tgw_xom, lemuel_crystal_altar, grunt_temple_overflow_open, uniq_grum
D:10:     erik_lair_orcish_takeover, david_orc_5
Temple:   minmay_temple_curvy_loop
Orc:1:    uniq_erolcha
Orc:2:    grunt_orc_community_town_hall, grunt_orc_community_big_house_2,
          grunt_orc_community_big_house_2, grunt_orc_community_house_1,
          grunt_orc_community_house_1, grunt_orc_community_house_1,
          grunt_orc_community_house_3, serial_shops, shop, basic_altar
Sewer:    sewer_co_purgy_island

Skill      XL: |  1  2  3  4  5  6  7  8  9 10 11 |
---------------+----------------------------------+-----
Axes           | 3 5 6 7 8 9 10 11 13 | 13.8
Armour         | 4 6 7 |  7.8
Shields        | 4 6 8 10 11 | 11.5
Fighting       | 3 5 |  5.4

Action                   |  1- 3 |  4- 6 |  7- 9 | 10-12 || total
-------------------------+-------+-------+-------+-------++-------
Melee: War axe           |    62 |    76 |   455 |   790 ||  1383
 Abil: Device Recharging |       |       |       |     4 ||     4
Evoke: Wand              |     1 |     2 |     6 |    18 ||    27
  Use: Scroll            |     4 |       |     9 |     7 ||    20
       Potion            |       |       |     1 |       ||     1
  Eat: Chunk             |       |       |    16 |    13 ||    29
       Pizza             |       |       |     2 |       ||     2
       Royal jelly       |       |       |       |     1 ||     1
Armor: Scale mail        |    28 |       |       |       ||    28
       Plate armour      |       |    40 |   236 |   308 ||   584
Dodge: Dodged            |    15 |    10 |    76 |   138 ||   239
Block: Shield            |    29 |    36 |   225 |   457 ||   747
